AoeStats
← Galactimus

Arena

505343483Analyzed
2v2 RM · 23d ago on Sep 9, 2026· 88m 52s· 4 players
Game mode
Random Map
Map size
Medium (4 player)
Population
200
Speed
Normal
Resources
Standard
Victory
Conquest
Starting age
Dark Age
Ending age
Imperial Age
RankedLock teamsTeams togetherTeam positionsShared explorationLock speedFull tech treeHidden civsTurbo modeCheats
Victory
Defeat
🇨🇱 Ethiopians · Chile
807
+16
🇨🇱 Spanish · Chile
786
+17
🇲🇽 Wei · Mexico
841
-18
🇺🇸 Franks · United States
782
-15
cosah00
2:59 Loom
3:26 Loom
11:06 Feudal Age
13:22 Double-Bit Axe
13:33 Stone Mining
13:47 Gold Mining
21:13 Castle Age
20:45 Forging
20:41 Scale Barding Armor
20:27 Fletching
21:13 Arson
23:30 Bow Saw
24:54 Gold Shaft Mining
25:43 Squires
27:54 Caravan
32:52 Pikeman
35:38 Chain Barding Armor
35:14 Bodkin Arrow
38:29 Husbandry
48:03 Wheelbarrow
47:14 Town Watch
60:32 Imperial Age
58:25 Hand Cart
60:35 Ballistics
60:54 Iron Casting
60:33 Town Patrol
61:33 Cavalier
64:03 Blast Furnace
63:39 Plate Barding Armor
63:47 Paladin
78:50 Coinage
78:33 Scale Mail Armor
Galactimus
11:10 Feudal Age
9:47 Loom
14:00 Double-Bit Axe
18:41 Castle Age
17:24 Horse Collar
21:50 Husbandry
26:06 Wheelbarrow
27:02 Tuntian
27:40 Town Watch
27:57 Pikeman
33:23 Hand Cart
34:03 Town Patrol
33:55 Gold Mining
34:47 Murder Holes
35:10 Stone Mining
37:43 Gold Shaft Mining
38:14 Stone Shaft Mining
40:44 Bow Saw
40:37 Heavy Plow
40:14 Elite Skirmisher
44:16 Imperial Age
44:02 Squires
44:14 Forging
44:12 Scale Barding Armor
44:09 Scale Mail Armor
44:01 Fletching
44:11 Padded Archer Armor
45:42 Halberdier
46:11 Arson
49:08 Ballistics
49:54 Thumb Ring
49:32 Elite Tiger Cavalry
51:13 Heavy Hei Guang Cavalry
66:48 Ming Guang Armor
66:44 Conscription
TheSeb
0:28 Loom
11:49 Feudal Age
13:10 Wheelbarrow
12:30 Double-Bit Axe
14:23 Horse Collar
18:13 Town Watch
20:54 Castle Age
19:43 Forging
20:24 Scale Barding Armor
20:37 Gold Mining
23:47 Fortified Wall
24:36 Stone Mining
31:16 Chain Barding Armor
35:24 Iron Casting
42:24 Imperial Age
43:31 Conscription
44:30 Chemistry
43:52 Cavalier
57:42 Blast Furnace
56:43 Padded Archer Armor
56:34 Fletching
57:20 Plate Barding Armor
65:06 Light Cavalry
65:57 Bloodlines
74:45 Hand Cart
80:20 Pikeman
81:01 Squires
82:16 Scale Mail Armor
Jaimeka 3K
0:39 Loom
12:16 Feudal Age
12:48 Double-Bit Axe
13:45 Wheelbarrow
16:40 Horse Collar
21:05 Castle Age
19:15 Stone Mining
20:46 Gold Mining
22:02 Heavy Plow
22:16 Bow Saw
22:26 Crossbowman
25:54 Forging
25:45 Scale Mail Armor
26:18 Ballistics
30:56 Imperial Age
34:53 Iron Casting
37:36 Halberdier
46:07 Blast Furnace
45:23 Chain Mail Armor
49:13 Conscription
48:55 Squires
50:43 Royal Heirs
50:31 Arson
56:27 Thumb Ring
60:19 Arbalester
61:56 Fletching
62:06 Padded Archer Armor
62:38 Plate Mail Armor
64:43 Chemistry
68:11 Elite Shotel Warrior
69:53 Bodkin Arrow
70:14 Leather Archer Armor
69:59 Murder Holes
71:42 Gold Shaft Mining
Connection lost

Rejoining the realm…

Still unreachable

The connection could not be restored.

Session expired

The server has moved on; the page needs a fresh start.